 Dungeon Crawl Stone Soup version 0.30-a0-297-g0ec75d9ef4 (webtiles) character file.

Game seed: 13962176079595868849

459 purpskrrrp the Skirmisher (level 7, -7/56 HPs)
             Began as a Gnoll Hunter on Oct 19, 2022.
             Mangled by Duvessa
             ... wielding a +1 short sword of freezing
              (15 damage)
             ... on level 4 of the Dungeon.
             The game lasted 00:05:41 (2385 turns).

purpskrrrp the Skirmisher (Gnoll Hunter)            Turns: 2385, Time: 00:05:42

Health: -7/56      AC:  6    Str: 10    XL:     7   Next: 6%
Magic:  0/10       EV: 14    Int:  9    God:
Gold:   147        SH:  0    Dex: 17    Spells: 10/10 levels left

rFire   . . .      SeeInvis +    a - +2 shortbow
rCold   . . .      Faith    .    (shield currently unavailable)
rNeg    . . .      Spirit   +    c - +3 leather armour
rPois   .          Reflect  .    (no helmet)
rElec   .          Harm     .    (no cloak)
rCorr   .          Rampage  .    (no gloves)
Will    .....                    (no boots)
Stlth   ++........               l - amulet of guardian spirit
HPRegen 0.29/turn                f - ring of flight
MPRegen 0.12/turn                o - ring of see invisible

@: flying
A: fangs 1, strong nose, distributed training
a: no special abilities


You were on level 4 of the Dungeon.
You visited 1 branch of the dungeon, and saw 4 of its levels.

You collected 147 gold pieces.

Inventory:

Hand Weapons
 a - a +2 shortbow (weapon)
 k - a +0 flail
 n - a +2 vorpal halberd
Armour
 c - a +3 leather armour (worn)
Jewellery
 f - a ring of flight (left hand)
 l - an amulet of guardian spirit (around neck)
 o - a ring of see invisible (right hand)
Scrolls
 b - a scroll of immolation
 m - a scroll of fear {unknown}
Potions
 e - a potion of brilliance {unknown}
 g - a potion of lignification {unknown}
 h - a potion of haste {unknown}
 i - a potion of ambrosia {unknown}


   Skills:
 + Level 5.1 Fighting
 + Level 2.3 Short Blades
 + Level 2.3 Long Blades
 + Level 2.3 Axes
 + Level 2.3 Maces & Flails
 + Level 2.3 Polearms
 + Level 2.3 Staves
 + Level 8.9 Ranged Weapons
 + Level 2.3 Throwing
 + Level 2.3 Armour
 + Level 5.1 Dodging
 + Level 3.3 Stealth
 + Level 2.3 Shields
 + Level 2.3 Unarmed Combat
 + Level 2.3 Spellcasting
 + Level 1.9 Conjurations
 + Level 1.9 Hexes
 + Level 1.9 Summonings
 + Level 1.9 Necromancy
 + Level 1.9 Translocations
 + Level 1.9 Transmutations
 + Level 1.9 Fire Magic
 + Level 1.9 Ice Magic
 + Level 1.9 Air Magic
 + Level 1.9 Earth Magic
 + Level 1.9 Poison Magic
 + Level 2.5 Invocations
 + Level 2.3 Evocations


You had 10 spell levels left.
You didn't know any spells.
Your spell library contained the following spells:

 Spells                   Type           Power      Damage    Failure   Level
 Cigotuvi's Dreadful Rot  Necr/Pois/Air  8%         N/A       28%         2
 Poisonous Vapours        Pois/Air       8%         N/A       28%         2
 Mephitic Cloud           Conj/Pois/Air  4%         N/A       50%         3
 Freezing Cloud           Conj/Ice/Air   2%         6-21      99%         5
 Simulacrum               Ice/Necr       2%         N/A       100%        6
 Polar Vortex             Ice            2%         N/A       100%        9


Dungeon Overview and Level Annotations

Branches:
Dungeon (4/15)
 Temple: D:4-7

Altars:
Dithmenos
Sif Muna

Annotations:
D:4 2 runed translucent doors, Duvessa; Iusername's ghost, amateur MiFi


Innate Abilities, Weirdness & Mutations

You have very sharp teeth.
Your uncanny sense of smell can sniff out nearby items.
Your experience applies equally to all skills.


Message History

You shoot an arrow. The arrow hits Duvessa!
Duvessa is severely wounded.
Duvessa misses you. Duvessa barely misses you.
Fire: a) +2 shortbow
Press: ? - help, Q - select action Shift-Dir - straight line, f/p - Duvessa
Aim: Duvessa, wielding a +1 short sword of freezing and wearing a +0 leather armour (severely wounded, berserk, 71% to hit)
You shoot an arrow. The arrow hits Duvessa.
Duvessa is almost dead.
Duvessa hits you with a +1 short sword of freezing.
Duvessa freezes you.
A kobold comes into view. It is wielding a +0 short sword.
Fire: a) +2 shortbow
Press: ? - help, Q - select action Shift-Dir - straight line, f/p - Duvessa
Aim: Duvessa, wielding a +1 short sword of freezing and wearing a +0 leather armour (almost dead, berserk, 71% to hit)
You shoot an arrow. The arrow hits Duvessa.
Duvessa is almost dead.
Duvessa barely misses you. Duvessa closely misses you.
Fire: a) +2 shortbow
Press: ? - help, Q - select action Shift-Dir - straight line, f/p - Duvessa
Aim: Duvessa, wielding a +1 short sword of freezing and wearing a +0 leather armour (almost dead, berserk, 71% to hit)
You shoot an arrow. The arrow hits Duvessa.
Duvessa is almost dead.
Duvessa misses you. Duvessa closely misses you.
Fire: a) +2 shortbow
Press: ? - help, Q - select action Shift-Dir - straight line, f/p - Duvessa
Aim: Duvessa, wielding a +1 short sword of freezing and wearing a +0 leather armour (almost dead, berserk, 71% to hit)
You shoot an arrow.
The arrow hits Duvessa but does no damage.
Duvessa is almost dead.
Duvessa hits you with a +1 short sword of freezing!
* * * LOW HITPOINT WARNING * * *
Duvessa freezes you.
* * * LOW HITPOINT WARNING * * *
You feel better.
Duvessa hits you with a +1 short sword of freezing.
* * * LOW HITPOINT WARNING * * *
Duvessa freezes you.
* * * LOW HITPOINT WARNING * * *
Duvessa hits you with a +1 short sword of freezing!
You die...

#.........####
#.............#
....>.[.####.##.#
###....#####.# .#
#...........##.#
#.#.#.####...#.#
#.#.#. #.#.#.# #
# ##.#..#.#
#.#.##@###.>.#
#..KSe## ##..#
###.)#.###..## ∆
#..##.#..## ....
##.#.# ####.
#.#<# .. ..#.# ..
####.# #. #.#


You could see Duvessa (berserk), an adder and a kobold.

Vanquished Creatures
  An ogre (D:4)
  A phantom (D:4)
  Dowan (D:4)
  A hound (D:4)
  Terence (D:3)
  An iguana (D:4)
  An orc wizard (D:3)
  4 gnolls (D:2)
  3 adders
  A worm (D:2)
  5 dart slugs
  5 orcs
  3 endoplasms
  6 giant cockroaches
  3 goblins
  5 hobgoblins
  4 jackals
  4 kobolds
  3 quokkas
  6 ball pythons
  6 bats
  2 frilled lizards (D:1)
  4 rats (D:1)
71 creatures vanquished.

Notes
Turn   | Place    | Note
-------+----------+-------------------------------------------
     0 | D:1      | purpskrrrp the Gnoll Hunter began the quest for the Orb.
     0 | D:1      | Reached XP level 1. HP: 20/20 MP: 1/1
    76 | D:1      | Reached XP level 2. HP: 26/26 MP: 2/2
   857 | D:2      | Reached XP level 3. HP: 31/31 MP: 3/3
  1009 | D:2      | Reached skill level 1 in Invocations
  1121 | D:2      | Reached skill level 1 in Short Blades
  1121 | D:2      | Reached skill level 1 in Long Blades
  1121 | D:2      | Reached skill level 1 in Axes
  1121 | D:2      | Reached skill level 1 in Maces & Flails
  1121 | D:2      | Reached skill level 1 in Polearms
  1121 | D:2      | Reached skill level 1 in Staves
  1121 | D:2      | Reached skill level 1 in Throwing
  1121 | D:2      | Reached skill level 1 in Armour
  1121 | D:2      | Reached skill level 1 in Shields
  1121 | D:2      | Reached skill level 1 in Unarmed Combat
  1121 | D:2      | Reached skill level 1 in Spellcasting
  1121 | D:2      | Reached skill level 1 in Evocations
  1168 | D:2      | Reached XP level 4. HP: 20/38 MP: 3/5
  1181 | D:2      | Reached skill level 1 in Conjurations
  1181 | D:2      | Reached skill level 1 in Hexes
  1181 | D:2      | Reached skill level 1 in Summonings
  1181 | D:2      | Reached skill level 1 in Necromancy
  1181 | D:2      | Reached skill level 1 in Translocations
  1181 | D:2      | Reached skill level 1 in Transmutations
  1181 | D:2      | Reached skill level 1 in Fire Magic
  1181 | D:2      | Reached skill level 1 in Ice Magic
  1181 | D:2      | Reached skill level 1 in Air Magic
  1181 | D:2      | Reached skill level 1 in Earth Magic
  1181 | D:2      | Reached skill level 1 in Poison Magic
  1537 | D:3      | Noticed Terence
  1549 | D:3      | Killed Terence
  1550 | D:3      | Reached XP level 5. HP: 12/43 MP: 2/7
  1785 | D:3      | Found a shimmering blue altar of Sif Muna.
  2061 | D:3      | Found a shadowy altar of Dithmenos.
  2213 | D:4      | Noticed a phantom
  2224 | D:4      | Killed a phantom
  2225 | D:4      | Reached skill level 5 in Fighting
  2225 | D:4      | Reached skill level 5 in Dodging
  2225 | D:4      | Reached XP level 6. HP: 46/51 MP: 6/8
  2309 | D:4      | Found a large runed translucent door.
  2311 | D:4      | Found a large runed translucent door.
  2314 | D:4      | Noticed Iusername's ghost (amateur MiFi)
  2365 | D:4      | Noticed Dowan
  2367 | D:4      | Noticed Duvessa
  2372 | D:4      | Killed Dowan
  2373 | D:4      | Reached XP level 7. HP: 50/56 MP: 8/10
  2385 | D:4      | Mangled by Duvessa

Illustrated notes

Levels and vault maps discovered:
D:1:      mushboom_english_gardens, layout_loops_cross
D:2:      layout_loops_ring, serial_park_tiny_2
D:3:      wad_pebble_path, layout_rooms,
          nicolae_dithmenos_through_a_glass_darkly, old_standard_altar,
          uniq_terence
D:4:      layout_loops_ring, ebering_ghost_disaster_area, uniq_duvessa

Skill      XL: |  1  2  3  4  5  6 |
---------------+-------------------+-----
Invocations    | 1 2 |  2.5
Short Blades   | 1 2 |  2.3
Long Blades    | 1 2 |  2.3
Axes           | 1 2 |  2.3
Maces & Flails | 1 2 |  2.3
Polearms       | 1 2 |  2.3
Staves         | 1 2 |  2.3
Throwing       | 1 2 |  2.3
Armour         | 1 2 |  2.3
Shields        | 1 2 |  2.3
Unarmed Combat | 1 2 |  2.3
Spellcasting   | 1 2 |  2.3
Evocations     | 1 2 |  2.3
Conjurations   | 1 |  1.9
Hexes          | 1 |  1.9
Summonings     | 1 |  1.9
Necromancy     | 1 |  1.9
Translocations | 1 |  1.9
Transmutations | 1 |  1.9
Fire Magic     | 1 |  1.9
Ice Magic      | 1 |  1.9
Air Magic      | 1 |  1.9
Earth Magic    | 1 |  1.9
Poison Magic   | 1 |  1.9
Fighting       | 5 |  5.1
Dodging        | 5 |  5.1
Stealth        | 3 |  3.3
Ranged Weapons | |  8.9

Action                   |  1- 3 |  4- 6 |  7- 9 || total
-------------------------+-------+-------+-------++-------
Melee: Halberd           |       |     9 |       ||     9
       Bite              |       |     1 |       ||     1
 Fire: Shortbow          |    88 |   103 |    10 ||   201
  Use: Scroll            |     5 |     6 |       ||    11
       Potion            |       |     2 |     2 ||     4
 Stab: Sleeping          |       |     1 |       ||     1
Armor: Leather armour    |     9 |     8 |       ||    17
Dodge: Dodged            |    15 |    30 |    11 ||    56

Table legend: (Time is in decaauts)
 A = Elapsed time spent in this place.
 B = Non-inter-level travel time spent in this place.
 C = Inter-level travel time spent in this place.
 D = Time resting spent in this place.
 E = Time spent auto-exploring this place.
 F = Levels seen in this place.
 G = Mean time per level.
                   A        B        C        D        E       F      G
               +--------+--------+--------+--------+--------+-----+--------+
         Total |   2408 |   2269 |    139 |    262 |   1556 |   4 |  602.0 |
       Dungeon |   2408 |   2269 |    139 |    262 |   1556 |   4 |  602.0 |
               +--------+--------+--------+--------+--------+-----+--------+

Top non-repeatable levels by time:
     D:2: 815 daAuts
     D:1: 735 daAuts
     D:3: 675 daAuts
     D:4: 182 daAuts
